 Dungeon Crawl Stone Soup version 0.28-a0-796-gd4f0d3f9b2 (webtiles) character file.

Game seed: 12020412080567585150

149 BinkBink the Firebug (level 4, -1/33 HPs)
             Began as a Demigod Fire Elementalist on Nov 6, 2021.
             Slain by a hound (2 damage)
             ... on level 4 of the Dungeon.
             The game lasted 00:05:29 (2164 turns).

BinkBink the Firebug (Demigod Fire Elementalist)    Turns: 2164, Time: 00:05:29

Health: -1/33      AC:  2    Str:  9    XL:     4   Next: 83%
Magic:  11/11      EV: 12    Int: 21    God:
Gold:   87         SH:  0    Dex: 14    Spells: 8/9 levels left

rFire   + . .      SeeInvis .   j - staff of fire
rCold   . . .      Faith    .   (no shield)
rNeg    . . .      Spirit   .   a - +0 robe
rPois   .          Reflect  .   (no helmet)
rElec   .          Harm     .   (no cloak)
rCorr   .          Rampage  .   (no gloves)
Will    .....                   (no boots)
Stlth   ++........              (no amulet)
HPRegen 0.11/turn               (no ring)
MPRegen 0.12/turn               (no ring)

@: no status effects
A: high mp 1, forlorn
a: no special abilities


You were on level 4 of the Dungeon.
You visited 1 branch of the dungeon, and saw 5 of its levels.

You collected 87 gold pieces.

Inventory:

Armour
 a - a +0 robe (worn)
Magical Staves
 j - a staff of fire (weapon)
Scrolls
 c - 2 scrolls of identify {unknown}
 d - a scroll of magic mapping {unknown}
 g - a scroll of teleportation {unknown}
 h - a scroll of vulnerability {unknown}
 i - a scroll of blinking {unknown}
 k - a scroll of holy word {unknown}
 l - a scroll of amnesia {unknown}
Potions
 b - 2 potions of curing {unknown}
 e - a potion of heal wounds {unknown}
 f - a potion of attraction {unknown}
 m - a potion of lignification {unknown}


   Skills:
 + Level 1.9 Dodging
 + Level 2.0 Stealth
 + Level 3.3 Spellcasting
 + Level 1.5 Conjurations
 + Level 3.7 Fire Magic


You had 8 spell levels left.
You knew the following spells:

 Your Spells              Type           Power      Damage    Failure   Level
a - Foxfire               Conj/Fire      84%        2x1d8     4%          1

Your spell library contained the following spells:

 Spells                   Type           Power      Damage    Failure   Level
 Scorch                   Fire           56%        2d8       4%          2
 Conjure Flame            Conj/Fire      21%        6-21      13%         3
 Inner Flame              Hex/Fire       17%        N/A       19%         3
 Flame Wave               Conj/Fire      21%        3d6       41%         4


Dungeon Overview and Level Annotations

Branches:
Dungeon (5/15)
 Temple: D:4-7

Annotations:
D:2 Sigmund


Innate Abilities, Weirdness & Mutations

Your attributes grow dramatically as you level up.
You have an increased reservoir of magic. (+10% MP)
You shall have no god before yourself.


Message History

You hit the endoplasm.
You kill the endoplasm!
The hound barely misses you. The hound bites you.
The hound bites you but does no damage. The hound barely misses you.
The hound completely misses you. The hound barely misses you.
The hound bites you. The hound bites you.
The hound bites you but does no damage. The hound bites you.
* * * LOW HITPOINT WARNING * * *
A hobgoblin comes into view.
Found a pair of boots.
The hound barely misses you.
The hobgoblin shouts!
The hound barely misses you. The hobgoblin closely misses you.
The hound bites you.
* * * LOW HITPOINT WARNING * * *
The hound barely misses you. The hound barely misses you.
The hound closely misses you. The hound bites you.
* * * LOW HITPOINT WARNING * * *
The hound barely misses you. The hound bites you but does no damage.
The hound bites you but does no damage. The hound closely misses you.
The hound barely misses you.
The hound pauses to sniff the ground.
There is a stone staircase leading down here.
The hound bites you.
* * * LOW HITPOINT WARNING * * *
The hound misses you.
You climb downwards.
There is a stone staircase leading up here.
The hound bites you but does no damage.
You climb upwards.
The hobgoblin misses you.
There is a stone staircase leading down, spattered with blood here.
The hound bites you.
You die...

#.##.###.# ##...## .....$.
##.....# ## #.#.## ##.......
#...##########....####........
.....................'........
.#####.#####.#...####........
#.# #.##.## ##....... #.#
#h#### ##.....# # #.# #@#
##...## ####.#####.# #g# ##+##
...#.......# #g# #.#
##.####.#### #.# ##### #.#
........# #.# #...###.##
##.###### #.# #...##...## #.#
#.# ####...#.....# ##.# #.#
#...........## ...#
#.###.............


You could see a hound, a hobgoblin and a goblin.

Vanquished Creatures
  Natasha (twice) (D:2)
  Robin (D:2)
  3 adders (D:2)
  A worm (D:2)
  4 ball pythons
  3 bats (D:2)
  5 endoplasms
  7 giant cockroaches
  7 goblins
  4 hobgoblins
  4 jackals (D:1)
  A quokka (D:2)
  3 frilled lizards
  4 kobolds
  6 rats
55 creatures vanquished.

Vanquished Creatures (others)
  186 foxfires
186 creatures vanquished.

Grand Total: 241 creatures vanquished

Notes
Turn   | Place    | Note
-------+----------+-------------------------------------------
     0 | D:1      | BinkBink the Demigod Fire Elementalist began the quest for
                  | the Orb.
     0 | D:1      | Reached XP level 1. HP: 14/14 MP: 5/5
   252 | D:1      | Reached XP level 2. HP: 20/20 MP: 4/7
   722 | D:1      | Reached skill level 1 in Conjurations
   915 | D:2      | Noticed Sigmund
  1160 | D:2      | Reached XP level 3. HP: 26/26 MP: 5/9
  1323 | D:2      | Noticed Natasha
  1329 | D:2      | Killed Natasha
  1483 | D:2      | Reached XP level 4. HP: 33/33 MP: 7/11
  1680 | D:2      | Noticed Robin
  1687 | D:2      | Killed Robin
  2027 | D:2      | Noticed Natasha
  2033 | D:2      | Killed Natasha
  2160 | D:4      | HP: 1/33 [hound (5)]
  2161 | D:5      | Entered Level 5 of the Dungeon
  2164 | D:4      | Slain by a hound

Illustrated notes

Levels and vault maps discovered:
D:1:      amcnicky_arrival_double_pillar, layout_rooms,
          dreamdust_ecumenical_altar_angels_and_demons
D:2:      wad_river_or_something, layout_loops_ring, basic_altar, uniq_natasha,
          uniq_robin, uniq_sigmund
D:3:      corexii_shack_village, layout_basic
D:4:      layout_loops_corners, serial_shops, nicolae_shop_behind_doors
D:5:      layout_basic, minmay_misc_feat_roman, minmay_manual_mares,
          uniq_duvessa

Skill      XL: |  1  2  3 |
---------------+----------+-----
Spellcasting   | 2 3 |  3.3
Fire Magic     | 3 |  3.7
Stealth        | 2 |  2.0
Conjurations   | 1 |  1.5
Dodging        | |  1.9

Action                   |  1- 3 |  4- 6 || total
-------------------------+-------+-------++-------
Melee: Unarmed           |     4 |       ||     4
       Staff             |       |     3 ||     3
 Cast: Foxfire           |    80 |    41 ||   121
Armor: Robe              |     6 |     9 ||    15
Dodge: Dodged            |    12 |    32 ||    44

Table legend: (Time is in decaauts)
 A = Elapsed time spent in this place.
 B = Non-inter-level travel time spent in this place.
 C = Inter-level travel time spent in this place.
 D = Time resting spent in this place.
 E = Time spent auto-exploring this place.
 F = Levels seen in this place.
 G = Mean time per level.
                   A        B        C        D        E       F      G
               +--------+--------+--------+--------+--------+-----+--------+
         Total |   2165 |   2079 |     86 |      0 |   1611 |   5 |  433.0 |
       Dungeon |   2165 |   2079 |     86 |      0 |   1611 |   5 |  433.0 |
               +--------+--------+--------+--------+--------+-----+--------+

Top non-repeatable levels by time:
     D:1: 1041 daAuts
     D:2: 1008 daAuts
     D:4: 103 daAuts
     D:3: 9 daAuts
     D:5: 1 daAuts
